 Dungeon Crawl Stone Soup version 0.29-a0-575-g0dc89cf053 (webtiles) character file.

Game seed: 10987761223126350517

170 DocClef the Covert (level 5, -1/47 HPs)
             Began as a Gnoll Delver on June 12, 2022.
             Succumbed to a water moccasin's poison
             ... on level 5 of the Dungeon.
             The game lasted 00:00:37 (397 turns).

DocClef the Covert (Gnoll Delver)                    Turns: 397, Time: 00:00:38

Health: -1/47      AC:  3    Str: 11    XL:     5   Next: 51%
Magic:  7/7        EV: 13    Int:  9    God:
Gold:   19         SH:  0    Dex: 16    Spells: 7/7 levels left

rFire   . . .      SeeInvis .   a - +0 short sword
rCold   . . .      Faith    .   (no shield)
rNeg    . . .      Spirit   .   b - +0 leather armour
rPois   .          Reflect  .   (no helmet)
rElec   .          Harm     .   (no cloak)
rCorr   .          Rampage  .   (no gloves)
Will    .....                   (no boots)
Stlth   ++++......              (no amulet)
HPRegen 0.15/turn               (no ring)
MPRegen 0.10/turn               (no ring)

@: lethally poisoned (-1 -> -28)
A: fangs 1, strong nose, distributed training
a: no special abilities


You were on level 5 of the Dungeon.
You visited 1 branch of the dungeon, and saw 1 of its levels.

You collected 19 gold pieces.

Inventory:

Hand Weapons
 a - a +0 short sword (weapon)
Missiles
 j - a throwing net (quivered)
Armour
 b - a +0 leather armour (worn)
 h - +0 ice dragon scales
Wands
 g - a wand of digging (9)
Scrolls
 c - a scroll of fog
 d - a scroll of magic mapping
 e - a scroll of fear
Potions
 f - a potion of haste
 i - a potion of might {unknown}


   Skills:
 + Level 6.7 Fighting
 + Level 4.8 Short Blades
 + Level 1.5 Long Blades
 + Level 1.5 Axes
 + Level 1.5 Maces & Flails
 + Level 1.5 Polearms
 + Level 1.5 Staves
 + Level 1.5 Slings
 + Level 1.5 Bows
 + Level 1.5 Crossbows
 + Level 1.5 Throwing
 + Level 1.5 Armour
 + Level 4.8 Dodging
 + Level 9.7 Stealth
 + Level 1.5 Shields
 + Level 1.5 Unarmed Combat
 + Level 1.5 Spellcasting
 + Level 1.2 Conjurations
 + Level 1.2 Hexes
 + Level 1.2 Summonings
 + Level 1.2 Necromancy
 + Level 1.2 Translocations
 + Level 1.2 Transmutations
 + Level 1.2 Fire Magic
 + Level 1.2 Ice Magic
 + Level 1.2 Air Magic
 + Level 1.2 Earth Magic
 + Level 1.2 Poison Magic
 + Level 1.7 Invocations
 + Level 1.5 Evocations


You had 7 spell levels left.
You didn't know any spells.
Your spell library contained the following spells:

 Spells                   Type           Power      Damage    Failure   Level
 Magic Dart               Conj           8%         1d3       28%         1
 Searing Ray              Conj           4%         2d4       38%         2
 Fulminant Prism          Conj/Hex       1%         3d6       95%         4


Dungeon Overview and Level Annotations

Branches:
Dungeon (5/15)
 Temple: D:4-7

Altars:


Innate Abilities, Weirdness & Mutations

You have very sharp teeth.
Your uncanny sense of smell can sniff out nearby items.
Your experience applies equally to all skills.


Message History

You are too injured to fight recklessly!
You are too injured to fight recklessly!
You are too injured to fight recklessly!
You are too injured to fight recklessly!
You are too injured to fight recklessly!
You are too injured to fight recklessly!
You are too injured to fight recklessly!
You hit the howler monkey. You bite the howler monkey.
The howler monkey is almost dead.
The howler monkey misses you.
The jelly quivers.
You hit the howler monkey.
You kill the howler monkey!
You puncture the water moccasin!
The water moccasin is moderately wounded.
The water moccasin bites you.
You hit the water moccasin but do no damage.
The water moccasin is moderately wounded.
The water moccasin barely misses you. The water moccasin bites you.
You barely miss the water moccasin.
You bite the water moccasin, but do no damage.
The water moccasin is moderately wounded.
The water moccasin barely misses you.
You closely miss the water moccasin.
The water moccasin is moderately wounded.
The water moccasin bites you.
* * * LOW HITPOINT WARNING * * *
You are poisoned.
The water moccasin poisons you!
You hit the water moccasin but do no damage.
The water moccasin is moderately wounded.
* * * LOW HITPOINT WARNING * * *
You feel very sick. The water moccasin bites you!
* * * LOW HITPOINT WARNING * * *
You are more poisoned.
The water moccasin poisons you!
You closely miss the water moccasin.
The water moccasin is moderately wounded.
You die...

..###.....## ...##
...#...)...#...$...#
...#.......#.......#
...#.......#.......#
..###.....## .....#
.## ##...## ...#
#######+#######'####
...................#
..............JS@..#
.................†.#
#######+#######+##..#
.## ... #..# ..##
..... #.# ...#.......
.# ...#...J...# #
...#...$...# ∆
..###S....##


You could see a water moccasin and a jelly.

Vanquished Creatures
  An ogre (D:5)
  A howler monkey (D:5)
  An iguana (D:5)
  A gnoll (D:5)
  An adder (D:5)
  A dart slug (D:5)
  An orc (D:5)
7 creatures vanquished.

Notes
Turn   | Place    | Note
-------+----------+-------------------------------------------
     0 | D:5      | Reached skill level 9 in Stealth
     0 | D:5      | DocClef the Gnoll Delver began the quest for the Orb.
     0 | D:5      | Reached XP level 1. HP: 23/23 MP: 1/1
    18 | D:5      | Noticed an ice beast
    57 | D:5      | Noticed an iguana
    60 | D:5      | Killed an iguana
    61 | D:5      | Reached XP level 2. HP: 29/29 MP: 2/2
    61 | D:5      | Reached XP level 3. HP: 35/35 MP: 3/3
    66 | D:5      | Noticed an ogre
    88 | D:5      | Killed an ogre
    89 | D:5      | Reached skill level 1 in Long Blades
    89 | D:5      | Reached skill level 1 in Axes
    89 | D:5      | Reached skill level 1 in Maces & Flails
    89 | D:5      | Reached skill level 1 in Polearms
    89 | D:5      | Reached skill level 1 in Staves
    89 | D:5      | Reached skill level 1 in Slings
    89 | D:5      | Reached skill level 1 in Bows
    89 | D:5      | Reached skill level 1 in Crossbows
    89 | D:5      | Reached skill level 1 in Throwing
    89 | D:5      | Reached skill level 1 in Armour
    89 | D:5      | Reached skill level 1 in Shields
    89 | D:5      | Reached skill level 1 in Unarmed Combat
    89 | D:5      | Reached skill level 1 in Spellcasting
    89 | D:5      | Reached skill level 1 in Conjurations
    89 | D:5      | Reached skill level 1 in Hexes
    89 | D:5      | Reached skill level 1 in Summonings
    89 | D:5      | Reached skill level 1 in Necromancy
    89 | D:5      | Reached skill level 1 in Translocations
    89 | D:5      | Reached skill level 1 in Transmutations
    89 | D:5      | Reached skill level 1 in Fire Magic
    89 | D:5      | Reached skill level 1 in Ice Magic
    89 | D:5      | Reached skill level 1 in Air Magic
    89 | D:5      | Reached skill level 1 in Earth Magic
    89 | D:5      | Reached skill level 1 in Poison Magic
    89 | D:5      | Reached skill level 1 in Invocations
    89 | D:5      | Reached skill level 1 in Evocations
    89 | D:5      | Reached XP level 4. HP: 9/41 MP: 3/6
    89 | D:5      | Reached XP level 5. HP: 11/47 MP: 3/7
   356 | D:5      | Noticed a water moccasin
   397 | D:5      | Succumbed to a water moccasin's poison

Illustrated notes

Levels and vault maps discovered:
D:5:      kennysheep_six_static_rooms, layout_cave_pools,
          nicolae_ru_path_of_blood, minmay_holes,
          nicolae_shop_sticking_my_neck_out, uniq_crazy_yiuf_cottage

Skill      XL: |  1  2  3 |
---------------+----------+-----
Stealth        | |  9.7
Long Blades    | 1 |  1.5
Axes           | 1 |  1.5
Maces & Flails | 1 |  1.5
Polearms       | 1 |  1.5
Staves         | 1 |  1.5
Slings         | 1 |  1.5
Bows           | 1 |  1.5
Crossbows      | 1 |  1.5
Throwing       | 1 |  1.5
Armour         | 1 |  1.5
Shields        | 1 |  1.5
Unarmed Combat | 1 |  1.5
Spellcasting   | 1 |  1.5
Conjurations   | 1 |  1.2
Hexes          | 1 |  1.2
Summonings     | 1 |  1.2
Necromancy     | 1 |  1.2
Translocations | 1 |  1.2
Transmutations | 1 |  1.2
Fire Magic     | 1 |  1.2
Ice Magic      | 1 |  1.2
Air Magic      | 1 |  1.2
Earth Magic    | 1 |  1.2
Poison Magic   | 1 |  1.2
Invocations    | 1 |  1.7
Evocations     | 1 |  1.5
Fighting       | |  6.7
Short Blades   | |  4.8
Dodging        | |  4.8

Action                   |  1- 3 |  4- 6 || total
-------------------------+-------+-------++-------
Melee: Short sword       |    17 |    19 ||    36
       Bite              |     2 |     2 ||     4
       Punch             |       |     1 ||     1
 Stab: Sleeping          |     1 |     2 ||     3
Armor: Leather armour    |       |     1 ||     1
Dodge: Dodged            |     8 |     8 ||    16

Table legend: (Time is in decaauts)
 A = Elapsed time spent in this place.
 B = Non-inter-level travel time spent in this place.
 C = Inter-level travel time spent in this place.
 D = Time resting spent in this place.
 E = Time spent auto-exploring this place.
 F = Levels seen in this place.
 G = Mean time per level.
                   A        B        C        D        E       F      G
               +--------+--------+--------+--------+--------+-----+--------+
         Total |    392 |    392 |      0 |    235 |     62 |   1 |  392.0 |
       Dungeon |    392 |    392 |      0 |    235 |     62 |   1 |  392.0 |
               +--------+--------+--------+--------+--------+-----+--------+

Top non-repeatable levels by time:
     D:5: 392 daAuts
